Map: Laberinto EJ

Players

etmajo - Winner!

  • Race: Protoss Protoss
  • League: Diamond
  • Spawn Location: 7:00

Marte

  • Race: Zerg Zerg
  • League: Diamond
  • Spawn Location: 1:00

VOD

Have the link to the VOD?

Description

Time

  • Played on: Sept. 1, 2018, 9:21 p.m.
  • Length: 12:08
Show
View Real Time Build Order
Export as new Build Order

etmajo Protoss - Winner!

Build Orders: 1 Gate Expand, Zealot Archon, Dark Templar Rush 

Get SALT Encoding   

  12  0:00  Probe  
  13  0:12  Probe  
  14  0:19  Pylon  
  14  0:24  Probe  
  15  0:34  Probe  
  15  0:38  Gateway  
  15  0:42  Probe  
  16  0:48  Assimilator  
  17  0:51  Probe  
  18  1:03  Probe  
  19  1:15  Probe  
  20  1:25  Nexus  
  20  1:29  Probe  
  21  1:39  Cybernetics Core  
  21  1:41  Probe  
  22  1:48  Assimilator  
  22  1:53  Pylon  
  22  1:56  Probe  
  23  2:09  Adept  
  23  2:11  Probe  
  23  2:12  Warp Gate  
  26  2:20  Twilight Council  
  26  2:23  Probe  
  27  2:35  Probe  
  28  2:37  Stalker  
  28  2:41  Probe  
  31  2:47  Probe  
  32  2:53  Probe  
  33  2:59  Probe  
  33  3:00  Robotics Facility  
  34  3:07  Shield Battery  
  34  3:08  Shield Battery  
  34  3:10  Probe  
  35  3:15  Adept  
  37  3:29  Probe  
  37  3:30  Probe  
  39  3:34  Dark Shrine  
  39  3:37  Gateway  
  39  3:40  Gateway  
  39  3:47  Probe x2  
  41  3:51  Gateway  
  41  3:56  Warp Prism  
  41  3:59  Probe  
  41  4:00  Probe  
  45  4:05  Pylon  
  45  4:11  Probe  
  46  4:20  Pylon  
  46  4:23  Probe, Sentry  
  49  4:36  Probe x2  
  51  4:48  Probe x2  
  53  4:53  Dark Templar x3  
  59  5:01  Probe x2  
  59  5:02  Pylon  
  59  5:03  Assimilator  
  59  5:04  Assimilator  
  61  5:17  Probe  
  61  5:20  Probe, Immortal  
  61  5:33  Dark Templar  
  61  5:35  Probe x2  
  65  5:57  Nexus  
  65  5:59  Pylon  
  65  6:03  Pylon  
  65  6:11  Dark Templar x2  
  65  6:17  Archon  
  69  6:20  Probe x2  
  69  6:24  Dark Templar  
  73  6:26  Charge  
  73  6:27  Zealot  
  73  6:31  Archon  
  75  6:33  Probe x2  
  77  6:49  Gateway  
  77  6:52  Gateway  
  77  6:55  Gateway  
  77  6:58  Forge  
  77  6:59  Forge  
  77  7:02  Pylon  
  77  7:06  Zealot x4  
  85  7:09  Probe x2, Pylon  
  87  7:24  Protoss Shields Level 1, Protoss Ground Weapons Level 1  
  87  7:27  Probe x2  
  87  7:28  Probe  
  90  7:43  Dark Templar x4  
  98  7:49  Probe x3  
  101  7:52  Archon  
  101  7:53  Archon  
  101  8:01  Probe x3  
  101  8:02  Assimilator  
  101  8:05  Dark Templar x2  
  106  8:06  Zealot, Assimilator  
  106  8:08  Gateway  
  106  8:09  Archon  
  110  8:13  Probe x3, Immortal  
  110  8:14  Gateway  
  107  8:31  Templar Archives  
  107  8:33  Probe x3  
  110  8:41  Zealot x3  
  116  8:49  Pylon  
  116  8:52  Pylon  
  116  8:54  Pylon  
  116  8:57  Pylon  
  116  8:59  Probe  
  116  9:00  Psionic Storm  
  117  9:07  Probe x2  
  119  9:13  Nexus  
  119  9:14  High Templar x2  
  119  9:15  Pylon, High Templar  
  125  9:19  Pylon  
  125  9:25  Zealot x5  
  125  9:26  Zealot  
  125  9:27  Pylon, Protoss Ground Weapons Level 2, Protoss Ground Armor Level 1  
  115  9:32  Pylon  
  115  9:36  Immortal  
  105  9:47  Robotics Facility  
  105  9:48  Zealot x9  
  105  9:49  Pylon  
  123  9:54  Pylon  
  123  9:55  Probe x2  
  123  9:56  Probe  
  126  10:09  High Templar x3  
  126  10:11  Zealot x4  
  126  10:12  Zealot x2  
  144  10:14  Probe x3  
  144  10:15  Warp Prism  
  149  10:30  Probe x4  
  153  10:41  Assimilator  
  153  10:43  Assimilator  
  153  10:45  Stargate  
  153  10:49  Zealot x9  
  171  10:51  Immortal  
  171  10:56  Immortal  
  179  11:11  Gateway  
  137  11:27  High Templar  
  137  11:28  High Templar x4  
  137  11:29  High Templar  
  137  11:30  Zealot x3  
  137  11:32  Archon x2  
  139  11:33  Archon  
  131  11:49  Probe  
  131  11:50  Probe x3  
  135  11:55  Stargate  
  135  11:58  Stargate  
  135  11:59  Zealot x4  
  135  12:00  Zealot, Fleet Beacon  
  143  12:04  Zealot x4  
Show
View Real Time Build Order
Export as new Build Order

Marte Zerg 

Build Orders: Hatch First 

Get SALT Encoding   

  12  0:01  Drone  
  13  0:15  Overlord  
  13  0:23  Drone  
  14  0:34  Drone x2  
  16  0:41  Drone  
  17  0:59  Hatchery  
  16  1:04  Drone  
  16  1:05  Drone  
  16  1:06  Extractor  
  17  1:20  Spawning Pool  
  17  1:24  Drone x2  
  18  1:35  Drone  
  19  1:58  Overlord  
  19  2:09  Queen  
  19  2:11  Metabolic Boost  
  19  2:12  Queen  
  19  2:13  Zergling x4  
  25  2:26  Drone  
  25  2:27  Drone  
  25  2:28  Zergling x4  
  29  2:36  Drone, Baneling Nest  
  29  2:50  Drone  
  29  2:51  Drone x2  
  32  2:56  Zergling x2  
  33  3:14  Zergling x6  
  36  3:20  Lair  
  36  3:33  Baneling x2  
  36  3:34  Hatchery  
  35  3:35  Zergling x2  
  35  3:38  Baneling  
  36  3:43  Baneling  
  36  3:49  Extractor  
  36  3:50  Drone  
  36  3:51  Extractor  
  36  3:52  Overlord  
  34  4:10  Baneling  
  34  4:11  Baneling x2  
  34  4:14  Drone x2  
  34  4:15  Drone  
  37  4:18  Drone x7  
  44  4:39  Overlord x3  
  44  4:43  Hydralisk Den  
  44  4:44  Drone  
  44  4:48  Queen  
  46  4:57  Centrifical Hooks  
  46  5:05  Drone x6  
  46  5:06  Evolution Chamber, Zergling x4  
  53  5:11  Overseer  
  53  5:18  Pneumatized Carapace  
  50  5:31  Zergling x16  
  50  5:35  Drone x2  
  59  6:01  Muscular Augments  
  59  6:05  Baneling  
  59  6:11  Zergling x2  
  59  6:12  Zergling x28  
  74  6:25  Overlord  
  74  6:32  Baneling x4  
  74  6:34  Overlord x2  
  74  6:35  Overlord  
  74  6:36  Overlord  
  74  6:39  Lurker Den  
  72  6:59  Hydralisk  
  72  7:00  Hydralisk x6  
  77  7:12  Grooved Spines  
  73  7:33  Drone x15  
  87  7:43  Baneling  
  87  7:44  Baneling x9  
  87  7:48  Drone x2  
  87  7:49  Drone, Extractor  
  87  7:50  Overlord  
  89  7:55  Extractor  
  89  7:56  Extractor  
  87  7:59  Hydralisk x3  
  93  8:08  Drone  
  93  8:10  Infestation Pit  
  93  8:17  Zerg Missile Weapons Level 1  
  93  8:21  Evolution Chamber  
  91  8:30  Hydralisk x3  
  91  8:31  Zergling x6  
  91  8:32  Zergling x8  
  104  8:40  Hatchery  
  103  8:45  Drone x3  
  103  8:46  Drone x3  
  103  8:47  Drone  
  103  8:48  Drone  
  111  8:55  Extractor  
  110  8:58  Extractor  
  110  8:59  Zerg Melee Weapons Level 1  
  109  9:03  Zergling x8  
  109  9:05  Overlord x2  
  109  9:08  Baneling x7  
  93  9:33  Zergling x10  
  93  9:34  Zergling x18  
  82  9:48  Hydralisk x7  
  96  9:58  Baneling x9  
  95  10:02  Drone  
  95  10:05  Hydralisk  
  95  10:06  Zergling x8  
  102  10:08  Baneling x5  
  102  10:09  Baneling x4  
  102  10:12  Drone x2  
  102  10:13  Drone  
  105  10:19  Hatchery  
  105  10:20  Drone x6  
  110  10:44  Hydralisk x9  
  110  10:45  Zergling x2  
  128  10:55  Burrow  
  128  11:01  Drone x2  
  128  11:02  Overlord x3  
  128  11:04  Zergling x6  
  131  11:09  Baneling x6  
  110  11:32  Zergling x22  
  109  11:33  Zergling x4  
  88  11:44  Zergling x12  
Tags
 
Add a new tag
Caveats
  • Supply blocks, unpowered buildings, or Contaminate may cause inaccurate times.
  • Supply counts are checked every 10 seconds.